 Dungeon Crawl Stone Soup version 0.31-a0-217-g58bb5d79cf (webtiles) character file.

Game seed: 15029225914509082336

431 qw the Shooter (level 6, -2/52 HPs)
             Began as a Minotaur Hexslinger on July 2, 2023.
             Slain by a hornet (5 damage)
             ... on level 4 of the Dungeon.
             The game lasted 00:01:17 (3072 turns).

qw the Shooter (Minotaur Hexslinger)                Turns: 3072, Time: 00:01:17

Health: -2/52      AC:  6    Str: 12    XL:     6   Next: 66%
Magic:  6/6        EV: 11    Int: 10    God:
Gold:   295        SH:  0    Dex: 15    Spells: 6/7 levels left

rFire   . . .        c - +0 orcbow
rCold   . . .        (shield currently unavailable)
rNeg    . . .        b - +0 ring mail
rPois   +            h - +1 hat
rElec   .            (no cloak)
rCorr   .            (no gloves)
SInv    .            (no boots)
Will    .....        d - amulet of regeneration
Stlth   +            j - ring of poison resistance
HPRegen 1.08/turn    (no ring)
MPRegen 0.10/turn

%: no passive effects
@: about to teleport
A: horns 2, retaliatory headbutt
a: no special abilities


You were on level 4 of the Dungeon.
You visited 1 branch of the dungeon, and saw 5 of its levels.

You collected 295 gold pieces.


Innate Abilities, Weirdness & Mutations

You have a pair of horns on your head.
You reflexively headbutt those who attack you in melee.


   Skills:
 - Level 4.0 Fighting
 + Level 6.8 Ranged Weapons
 - Level 1.5 Armour
 - Level 2.1 Dodging
 - Level 1.0 Spellcasting
 - Level 2.0 Hexes


You had 6 spell levels left.
You knew the following spells:

 Your Spells              Type           Power      Damage    Failure   Level
a - Slow                  Hex            16%        N/A       32%         1

Your spell library contained the following spells:

 Spells                   Type           Power      Damage    Failure   Level
 Inner Flame              Hex/Fire       2%         N/A       83%         3
 Portal Projectile        Hex/Tloc       4%         N/A       83%         3
 Cause Fear               Hex            2%         N/A       97%         4

Inventory:

Hand Weapons
 c - a +0 orcbow (weapon)
Armour
 b - a +0 ring mail (worn)
 h - a +1 hat (worn)
Jewellery
 d - an amulet of regeneration (around neck)
 e - a ring of ice
 j - a ring of poison resistance (left hand)
Potions
 a - a potion of invisibility {unknown}
 f - a potion of enlightenment
 g - 2 potions of curing
 i - a potion of berserk rage {unknown}
 k - a potion of brilliance {unknown}
 l - a potion of resistance {unknown}

Dungeon Overview and Level Annotations

Branches:
Dungeon (5/15)
 Temple: D:4-7

Altars:
Hepliaklqana
Nemelex Xobeh


Message History

You climb upwards.
There is a stone staircase leading down here.
Enter note:
Enter note:
Enter note:
Enter note:
Enter note:
Enter note:
Enter note:
Enter note:
Enter note:
Enter note:
Enter note:
Enter note:
Enter note:
Enter note:
Enter note:
Enter note:
Enter note:
Enter note:
Enter note:
Enter note:
Enter note: You shoot an arrow.
The arrow barely misses the hornet.
The hornet stings you but does no damage.
The hornet completely misses you. You furiously retaliate!
You headbutt the hornet, but do no damage.
You shoot an arrow. The arrow barely misses the hornet.
The hornet stings you!
You feel yourself slow down.
You shoot an arrow.
The arrow hits the hornet but does no damage.
The hornet is heavily wounded.
The hornet closely misses you. You furiously retaliate!
You headbutt the hornet. The hornet stings you. The hornet stings you!
3072 ||| READING scroll of teleportation.
As you read the scroll of teleportation, it crumbles to dust.
You feel strangely unstable.
You feel yourself speed up. The hornet stings you.
You die...

.#...#)...###~######.).))...).)..
.#...######~~~~~~~~###.....####..
.......##~~~~~~~~.#############..
.#.....####~~~~~#.# #............
.#......# #.......# #.#.###...##+
.....#..###.#####.###.#...#......
..........#.#####.........#......
.......[.........y..##....#......
.#...######...).@.........#......
............#.....####....###....
.##.........#.##..........###....
............#.##..)..............
............#.##.......#....#....
#......................#....####.
###+##......#.##..####.#...^# #.
.....'.................#....# #.
###.##......#..........#....# #.


You could see a hornet.

Vanquished Creatures
  2 kobold brigands (D:4)
  A scorpion (D:4)
  2 jellies (D:4)
  An iguana (D:4)
  4 gnolls (D:4)
  4 adders
  A worm (D:2)
  2 dart slugs (D:1)
  9 ball pythons
  3 endoplasms
  A giant cockroach (D:1)
  3 goblins
  9 hobgoblins
  8 jackals
  12 kobolds
  A quokka (D:3)
  7 bats
  2 frilled lizards (D:2)
  2 rats
74 creatures vanquished.

Notes
Turn   | Place    | Note
-------+----------+-------------------------------------------
     0 | D:1      | qw the Minotaur Hexslinger began the quest for the Orb.
     0 | D:1      | Reached XP level 1. HP: 16/16 MP: 1/1
     0 | D:1      | 0 ||| qw: Version: 0.3-a-40-ge99b1a8
     0 | D:1      | 0 ||| qw: Game counter: 7952
     0 | D:1      | 0 ||| qw: Melee chars always use a shield: true
     0 | D:1      | 0 ||| qw: God list: Okawaru
     0 | D:1      | 0 ||| qw: Allow faded altars: false
     0 | D:1      | 0 ||| qw: Do Orc after clearing Dungeon:15 true
     0 | D:1      | 0 ||| qw: Do second Lair branch before Depths: true
     0 | D:1      | 0 ||| qw: Lair rune preference: random
     0 | D:1      | 0 ||| qw: Goals: Normal
     0 | D:1      | 0 ||| PLANNING D:1-11
   131 | D:1      | Reached skill level 3 in Ranged Weapons
   160 | D:1      | Reached XP level 2. HP: 20/23 MP: 2/2
   437 | D:1      | 437 ||| UPGRADING to amulet of regeneration.
   442 | D:1      | 442 ||| READING scroll labelled EDWOESKYMPU.
   443 | D:1      | 443 ||| DROPPING scroll of poison.
   500 | D:2      | Reached XP level 3. HP: 19/29 MP: 3/3
   737 | D:2      | Reached skill level 4 in Ranged Weapons
   906 | D:2      | 906 ||| UPGRADING to +0 ring mail.
   916 | D:2      | 916 ||| DROPPING +0 robe.
   917 | D:2      | 917 ||| UPGRADING to +1 hat.
   922 | D:2      | 922 ||| READING scroll labelled UKAEXE ITOFY.
  1023 | D:2      | 1023 ||| READING scroll labelled FUHOEN YSOITIGG.
  1035 | D:2      | 1035 ||| READING scroll labelled BAMIUN SAMPOE.
  1036 | D:2      | 1036 ||| READING scroll labelled JEUZXOAKEDD.
  1037 | D:2      | 1037 ||| DRINKING 2 fizzy inky potions.
  1085 | D:3      | Reached skill level 1 in Armour
  1294 | D:3      | Reached XP level 4. HP: 31/36 MP: 4/4
  1385 | D:3      | 1385 ||| UPGRADING to ring of poison resistance.
  1386 | D:3      | 1386 ||| READING scroll labelled ARUEGI TAUTZ.
  1390 | D:3      | 1390 ||| READING scroll labelled CYUNWE PONTOTO.
  1391 | D:3      | 1391 ||| DRINKING 2 purple potions.
  1392 | D:3      | 1392 ||| DRINKING 3 orange potions.
  1435 | D:3      | 1435 ||| STAIRDANCE
  1439 | D:3      | 1439 ||| STAIRDANCE
  1443 | D:3      | 1443 ||| STAIRDANCE
  1447 | D:3      | 1447 ||| STAIRDANCE
  1451 | D:3      | 1451 ||| STAIRDANCE
  1455 | D:3      | 1455 ||| STAIRDANCE
  1459 | D:3      | 1459 ||| STAIRDANCE
  1463 | D:3      | 1463 ||| STAIRDANCE
  1467 | D:3      | 1467 ||| STAIRDANCE
  1471 | D:3      | 1471 ||| STAIRDANCE
  1475 | D:3      | 1475 ||| STAIRDANCE
  1479 | D:3      | 1479 ||| STAIRDANCE
  1483 | D:3      | 1483 ||| STAIRDANCE
  1487 | D:3      | 1487 ||| STAIRDANCE
  1491 | D:3      | 1491 ||| STAIRDANCE
  1495 | D:3      | 1495 ||| STAIRDANCE
  1499 | D:3      | 1499 ||| STAIRDANCE
  1503 | D:3      | 1503 ||| STAIRDANCE
  1507 | D:3      | 1507 ||| STAIRDANCE
  1511 | D:3      | 1511 ||| STAIRDANCE
  1655 | D:3      | Found a sparkling altar of Nemelex Xobeh.
  1656 | D:3      | Found a hazy altar of Hepliaklqana.
  2313 | D:4      | Noticed a scorpion
  2327 | D:4      | Killed a scorpion
  2328 | D:4      | Reached skill level 5 in Ranged Weapons
  2328 | D:4      | Reached XP level 5. HP: 36/41 MP: 5/5
  2423 | D:4      | Reached skill level 3 in Fighting
  2439 | D:4      | Reached skill level 6 in Ranged Weapons
  2447 | D:4      | HP: 10/45 [poisoned by a kobold brigand]
  2448 | D:4      | 2448 ||| DRINKING potion of heal wounds.
  2451 | D:4      | Reached XP level 6. HP: 36/52 MP: 6/6
  2483 | D:4      | 2483 ||| SWAPPING to +0 orcbow.
  2484 | D:4      | 2484 ||| DROPPING +2 heavy sling.
  3061 | D:5      | Entered Level 5 of the Dungeon
  3061 | D:5      | Noticed a hornet
  3067 | D:5      | 3067 ||| STAIRDANCE
  3071 | D:4      | HP: 2/52 [hornet (12)]
  3072 | D:4      | 3072 ||| READING scroll of teleportation.
  3072 | D:4      | Slain by a hornet

Levels and vault maps discovered:
D:1:      psy_arrival_basics, layout_rooms
D:2:      kennysheep_six_static_rooms, layout_rooms, minmay_pentomino_u2
D:3:      layout_basic, gammafunk_temple_overflow_statue,
          minmay_misc_feat_pillars
D:4:      cheibrodos_thug_alley, layout_basic
D:5:      layout_basic, cheibriados_altar_1, grunt_ministairs_2,
          roderic_batcave, minmay_misc_feat_square

Skill      XL: |  1  2  3  4  5 |
---------------+----------------+-----
Ranged Weapons | 3 4 5 6 |  6.8
Fighting       | 2 4 |  4.0
Armour         | 1 |  1.5
Dodging        | |  2.1
Spellcasting   | |  1.0
Hexes          | |  2.0

Action                     |  1- 3 |  4- 6 || total
---------------------------+-------+-------++-------
   Fire: Sling             |   117 |    78 ||   195
         Orcbow            |       |    41 ||    41
    Use: Scroll            |     5 |     3 ||     8
         Potion            |     1 |     3 ||     4
 Armour: Robe              |     8 |       ||     8
         Ring mail         |    16 |    39 ||    55
  Dodge: Dodged            |    49 |    63 ||   112

Table legend:
 A = Non-vault XP
 B = Vault XP
 C = Vault XP percentage of total XP
 D = Non-vault monster count
 E = Vault monster count
 F = Vault count percentage of total count
                 A         B        C        D         E       F
            +---------+---------+-------+---------+---------+-------
      Total |     377 |     239 |  38.8 |      55 |      19 |  25.7
            +---------+---------+-------+---------+---------+-------
        D:1 |      27 |       0 |   0.0 |      13 |       0 |   0.0
        D:2 |      15 |      27 |  64.3 |      10 |       8 |  44.4
        D:3 |      57 |       0 |   0.0 |      13 |       0 |   0.0
        D:4 |     278 |     212 |  43.3 |      19 |      11 |  36.7
            +---------+---------+-------+---------+---------+-------
